 Dungeon Crawl Stone Soup version 0.21-a0-221-gfe971b9 (webtiles) character file.

50 tidbits the Vexing (level 3, -4/18 HPs)
             Began as a Vine Stalker Arcane Marksman on Aug 26, 2017.
             Slain by Sigmund
             ... wielding a +1 scythe of venom
              (9 damage)
             ... on level 2 of the Dungeon.
             The game lasted 00:06:38 (403 turns).

tidbits the Vexing (Vine Stalker Arcane Marksman)    Turns: 403, Time: 00:06:39

Health: -4/18      AC:  2    Str: 12    XL:     3   Next: 79%
Magic:  0/5        EV: 12    Int: 14    God:
Gold:   21         SH:  0    Dex: 14    Spells: 3/4 levels left

rFire    . . .     SeeInvis .   (no weapon)
rCold    . . .     Gourm    .   (no shield)
rNeg     . . .     Faith    .   a - +0 robe
rPois    .         Spirit   +   (no helmet)
rElec    .         Reflect  .   (no cloak)
rCorr    .         Harm     .   (no gloves)
MR       .....                  (no boots)
Stlth    +.........             (no amulet)
HPRegen  0.06/turn              (no ring)
MPRegen  0.09/turn              (no ring)

@: confused
A: fangs 2, magic shield, antimagic bite, no potion heal 3, rot immunity
a: no special abilities


You were on level 2 of the Dungeon.
You were not hungry.

You visited 1 branch of the dungeon, and saw 2 of its levels.

You collected 21 gold pieces.

Inventory:

Missiles
 e - 24 bolts
 h - 20 sling bullets
Armour
 a - a +0 robe (worn)
Scrolls
 i - a scroll of identify {unknown}
 k - a scroll of enchant weapon {unknown}
 l - a scroll of remove curse {unknown}
Books
 b - a book of Debilitation

   Spells                             Type                      Level
   a - Corona                         Hexes                        1
   b - Slow                           Hexes                        2
   c - Inner Flame                    Hexes/Fire                   3
   d - Portal Projectile              Hexes/Translocation          3
   e - Cause Fear                     Hexes                        4
   f - Leda's Liquefaction            Hexes/Earth                  4
 g - a book of Maledictions
   (You found it on level 2 of the Dungeon)

   Spells                             Type                      Level
   a - Corona                         Hexes                        1
   b - Ensorcelled Hibernation        Hexes/Ice                    2
   c - Confuse                        Hexes                        3
   d - Tukima's Dance                 Hexes                        3
   e - Dazzling Spray                 Conjuration/Hexes            3
Comestibles
 f - 2 bread rations
 m - a meat ration
 n - 3 fruits


   Skills:
 + Level 2.0 Fighting
 + Level 2.8 Throwing
 - Level 1.6 Dodging
 - Level 1.3 Spellcasting
 - Level 3.0 Hexes


You had 3 spell levels left.
You knew the following spells:

 Your Spells              Type           Power        Failure   Level  Hunger
o - Corona                Hex            #......      8%          1    ##.....


Dungeon Overview and Level Annotations

Branches:
Dungeon (2/15)

Altars:

Annotations:
D:2 Sigmund


Innate Abilities, Weirdness & Mutations

You have extremely sharp teeth.
When hurt, damage is shared between your health and your magic reserves.
Your bite disrupts and absorbs the magic of your enemies.
Potions cannot restore your health.
You are immune to rotting.


Message History

You hit the quokka. You bite the quokka. You drain its power.
You feel invigorated.
You kill the quokka!
Throwing (i - inventory. (,) - cycle):
c - 2 javelins (quivered)
Press: ? - help, Shift-Dir - straight line, f - dart slug
Aim: a dart slug (clinging)
You throw a javelin. The javelin hits the dart slug!
The dart slug is severely wounded.
Throwing (i - inventory. (,) - cycle):
c - a javelin (quivered)
Press: ? - help, Shift-Dir - straight line, f/p - dart slug
Aim: a dart slug (severely wounded, clinging)
You throw a javelin. The javelin hits the dart slug!
You kill the dart slug!
c - a javelin You see here a dart slug corpse.
c - 2 javelins (gained 1)
The rat bites you.
You hit the rat but do no damage. Your bite misses the rat.
The rat bites you but does no damage.
You hit the rat.
The rat is heavily wounded.
The rat barely misses you.
You completely miss the rat. You bite the rat. You drain its power.
You feel invigorated.
You kill the rat!
You open the door.
A worm and Sigmund come into view.
Sigmund is wielding a scythe of venom.
Sigmund shouts!
It was a potion of curing.
That felt strangely inert.
Sigmund points at you and mumbles some strange words.
You resist with some effort.
Throwing (i - inventory. (,) - cycle):
c - 2 javelins (quivered)
Press: ? - help, Shift-Dir - straight line, f - Sigmund
Aim: Sigmund, wielding a scythe of venom and wearing a robe You throw a javelin.
The javelin hits Sigmund!
Sigmund is moderately wounded.
Throwing (i - inventory. (,) - cycle):
c - a javelin (quivered)
Press: ? - help, Shift-Dir - straight line, f/p - Sigmund
Aim: Sigmund, wielding a scythe of venom and wearing a robe (moderately wounded)
You throw a javelin. The javelin hits Sigmund.
Sigmund is moderately wounded.
Sigmund barely misses you.
Fire/throw which item? (* to show all) (? for menu, Esc to quit)
Really fire
d - a throwing net {!f}?
Press: ? - help, Shift-Dir - straight line, f/p - Sigmund
Aim: Sigmund, wielding a scythe of venom and wearing a robe (moderately wounded)
You throw a throwing net {!f}.
The throwing net {!f} closely misses Sigmund.
Casting: Corona
Confirm with . or Enter, or press ? or * to list all spells.
Aiming: Corona
Press: ? - help, Shift-Dir - straight line, f/p - Sigmund
Aim: Sigmund, wielding a scythe of venom and wearing a robe (moderately wounded, chance to defeat MR: 52%) Sigmund is outlined in light.
Sigmund closely misses you. Sigmund closely misses you.
You hit Sigmund. Your bite misses Sigmund.
Sigmund is heavily wounded.
You hit Sigmund.
Sigmund is heavily wounded.
Sigmund misses you.
You closely miss Sigmund. Your bite misses Sigmund.
Sigmund is heavily wounded.
Sigmund barely misses you.
You hit Sigmund but do no damage.
Sigmund is heavily wounded.
You hit Sigmund.
Sigmund is heavily wounded.
Sigmund closely misses you.
You completely miss Sigmund.
Sigmund is heavily wounded.
Sigmund barely misses you.
You hit Sigmund but do no damage. You bite Sigmund, but do no damage.
Sigmund is heavily wounded.
Sigmund stops glowing.
You closely miss Sigmund.
Sigmund is heavily wounded.
Sigmund misses you.
Casting: Corona
Confirm with . or Enter, or press ? or * to list all spells.
Aiming: Corona
Press: ? - help, Shift-Dir - straight line, f/p - Sigmund
Aim: Sigmund, wielding a scythe of venom and wearing a robe (heavily wounded, chance to defeat MR: 52%) Sigmund is outlined in light.
Sigmund points at you and mumbles some strange words.
You are confused.
You miss Sigmund. You bite Sigmund, but do no damage.
Sigmund is heavily wounded.
Sigmund casts a spell at you. You resist with some effort.
You aren't carrying any potions.
Unknown command.
Sigmund hits you from afar with a scythe of venom!
* * * LOW HITPOINT WARNING * * *
There are monsters nearby!
Unknown command.
You bump into the rock wall.
Sigmund hits you with a scythe of venom!
Ouch! That really hurt!
You die...

..# #### #.# ...###.#
#..##.##########
##...#.##.......#
##.##............##.#
...........##....##.#
######.#####.#.###.###
#@# #.#.......# #@#
#†#####.#.# #w# #.#
#.#.# ... #.#####.#.#
..... #.......#.#
.(..... #####.###.#
.........####...##.##
+.........+...........
#.........####...##..#


You could see Sigmund and a worm.

Vanquished Creatures
  3 adders (D:2)
  An ooze (D:1)
  A worm (D:2)
  A dart slug (D:2)
  A leopard gecko (D:2)
  3 hobgoblins
  A quokka (D:2)
  A bat (D:1)
  A frilled lizard (D:1)
  2 kobolds
  A rat (D:2)
16 creatures vanquished.

Notes
Turn   | Place    | Note
-------+----------+-------------------------------------------
     0 | D:1      | tidbits the Vine Stalker Arcane Marksman began the quest for the Orb.
     0 | D:1      | Reached XP level 1. HP: 9/9 MP: 3/3
     4 | D:1      | Reached skill level 1 in Fighting
    16 | D:1      | Reached skill level 2 in Throwing
    94 | D:2      | Reached XP level 2. HP: 6/14 MP: 4/4
   128 | D:1      | HP: 1/14 [hobgoblin (1)]
   273 | D:2      | Reached XP level 3. HP: 13/18 MP: 5/5
   287 | D:2      | Reached skill level 2 in Fighting
   382 | D:2      | Noticed Sigmund
   403 | D:2      | Slain by Sigmund

Vault maps used:
D:1:      minmay_arrival_five_plusses
D:2:      chequers_ecumenical_altar_twisty, minmay_pentomino_z4, uniq_sigmund

Skill      XL: |  1  2  3 |
---------------+----------+-----
Fighting       | 1 2 |  2.0
Throwing       | 2 |  2.8
Dodging        | |  1.6
Spellcasting   | |  1.3
Hexes          | |  3.0

Action                   || total
-------------------------++-------
Melee: Unarmed           ||    52
       Bite              ||    10
Throw: Javelin           ||    18
       Throwing net      ||     3
 Cast: Corona            ||     2
  Use: Potion            ||     2
 Stab: Sleeping          ||     1
Armor: Robe              ||     5
       Skin              ||    11
Dodge: Dodged            ||    30

Table legend:
 A = Spawn XP
 B = Non-spawn XP
 C = Spawn XP percentage of total XP
 D = Spawn monster count
 E = Non-spawn monster count
 F = Spawn count percentage of total count
 G = Total turns spent on level
                    A         B        C        D         E        F      G
               +---------+---------+-------+---------+---------+-------+---------
         Total |       0 |      72 |   0.0 |       0 |      16 |   0.0 |   403
               +---------+---------+-------+---------+---------+-------+---------
           D:1 |       0 |      12 |   0.0 |       0 |       5 |   0.0 |   181
           D:2 |       0 |      60 |   0.0 |       0 |      11 |   0.0 |   222
               +---------+---------+-------+---------+---------+-------+---------

Table legend:
 A = Turns spent in this place as a percentage of turns spent in the entire game.
 B = Non-inter-level travel turns spent in this place as a percentage of non-inter-level travel turns spent in the entire game.
 C = Inter-level travel turns spent in this place as a percentage of turns spent in this place.
 D = Turns resting spent in this place as a percentage of non-inter-level travel turns spent in this place.
 E = Turns spent auto-exploring this place as a percentage of non-inter-level travel turns spent in this place.
 F = Non-inter-level travel turns spent in this place divided by the number of levels of this place that you've seen.
                   A       B       C       D       E      F
               +-------+-------+-------+-------+-------+----------------------
         Total | 100.0 | 100.0 |   0.0 |   0.0 |   0.0 | 201.5
       Dungeon | 100.0 | 100.0 |   0.0 |   0.0 |   0.0 | 201.5
               +-------+-------+-------+-------+-------+----------------------

Table legend:
 A = Kills in this place as a percentage of kills in entire the game.
 B = Kills by you in this place as a percentage of kills by you in the entire game.
 C = Kills by friends in this place as a percentage of kills by friends in the entire game.
 D = Other kills in this place as a percentage of other kills in the entire game.
 E = Experience gained in this place as a percentage of experience gained in the entire game.
 F = Experience gained in this place divided by the number of levels of this place that you have seen.
                   A       B       C       D       E      F
               +-------+-------+-------+-------+-------+----------------------
         Total | 100.0 | 100.0 |   N/A |   N/A | 100.0 |  36.0
       Dungeon | 100.0 | 100.0 |   N/A |   N/A | 100.0 |  36.0
               +-------+-------+-------+-------+-------+----------------------

Vault maps used:
D:1:      minmay_arrival_five_plusses
D:2:      chequers_ecumenical_altar_twisty, minmay_pentomino_z4, uniq_sigmund
